 Dungeon Crawl Stone Soup version 0.24.0-123-gd5b16e6ec5 (webtiles) character file.

Game seed: 6210561575075657860, levelgen mode: deterministic

42973 sagitran the Impaler (level 14, -3/115 HPs)
             Began as a Merfolk Gladiator on Dec 23, 2019.
             Slain by a seven-headed hydra (13 damage)
             ... on level 2 of the Lair of Beasts.
             The game lasted 01:55:58 (18758 turns).

sagitran the Impaler (Merfolk Gladiator)           Turns: 18758, Time: 01:55:58

Health: -3/115     AC: 17    Str: 17    XL:     14   Next: 22%
Magic:  17/17      EV: 18    Int:  8    God:
Gold:   1591       SH:  9    Dex: 17    Spells: 16/17 levels left

rFire    . . .     SeeInvis .   B - +4 trident (flame)
rCold    + . .     Gourm    .   L - +3 buckler {reflect}
rNeg     + . .     Faith    .   w - +4 ring mail {rF+}
rPois    .         Spirit   .   c - +2 helmet
rElec    .         Reflect  +   G - +0 cloak
rCorr    .         Harm     +   i - +0 pair of gloves
MR       +....                  T - +0 pair of boots
Stlth    +++.......             g - amulet of harm
HPRegen  0.29/turn              u - ring of positive energy
MPRegen  0.15/turn              v - ring of ice

@: no status effects
A: change form in water, swift swim, stealthy swim
a: no special abilities


You were on level 2 of the Lair of Beasts.
You were not hungry.

You visited 4 branches of the dungeon, and saw 19 of its levels.
You also visited: Sewer.

You collected 1591 gold pieces.

Inventory:

Hand Weapons
 a - a +1 trident
 B - a +4 trident of flaming (weapon)
 E - the +12 glaive of Prune {chop}
   (You found it on level 15 of the Dungeon)

   It inflicts extra damage upon your enemies.
 N - a +4 spear of freezing
Missiles
 r - 4 silver boomerangs (quivered)
Armour
 c - a +2 helmet (worn)
 i - a +0 pair of gloves (worn)
 w - a +4 ring mail of fire resistance (worn)
 G - a +0 cloak (worn)
 L - a +3 buckler of reflection (worn)
 T - a +0 pair of boots (worn)
Jewellery
 f - an uncursed amulet of the acrobat
 g - an amulet of harm (around neck)
 u - a ring of positive energy (left hand)
 v - a ring of ice (right hand)
 S - an uncursed ring of flight
 V - an uncursed amulet of guardian spirit
Wands
 b - a wand of enslavement (9)
 q - a wand of polymorph (11)
 x - a wand of iceblast (8)
 J - a wand of acid (4)
 O - a wand of random effects (12)
Scrolls
 d - a scroll of blinking
 h - 3 scrolls of teleportation
 m - 11 scrolls of remove curse
 y - a scroll of immolation {unknown}
 C - a scroll of random uselessness {unknown}
 D - 2 scrolls of fear
 F - 9 scrolls of fog
 H - 4 scrolls of noise {unknown}
 I - a scroll of identify
 M - a scroll of magic mapping
 P - a scroll of vulnerability {unknown}
 Q - a scroll of torment {unknown}
Potions
 e - 2 potions of might
 k - 2 potions of lignification
 l - 3 potions of haste
 n - 8 potions of curing
 o - 3 potions of brilliance
 p - 2 potions of invisibility
 s - 8 potions of flight
 t - a potion of ambrosia
 z - 2 potions of berserk rage
 A - a potion of agility
 K - a potion of cancellation
 U - a potion of resistance
Miscellaneous
 R - a crystal ball of energy
Comestibles
 j - 24 rations


   Skills:
 + Level 12.3 Fighting
 + Level 17.3 Polearms
 + Level 6.6 Throwing
 + Level 7.0 Armour
 + Level 11.3 Dodging
 + Level 7.1 Stealth
 + Level 7.9 Shields
 + Level 2.1 Spellcasting
 + Level 2.7 Charms
 + Level 2.4 Evocations


You had 16 spell levels left.
You knew the following spells:

 Your Spells              Type           Power        Failure   Level  Hunger
a - Infusion              Chrm           #...         19%         1    ##.....

Your spell library contained the following spells:

 Spells                   Type           Power        Failure   Level  Hunger
 Shroud of Golubria       Chrm/Tloc      #.....       45%         2    ###....
 Swiftness                Chrm/Air       #.......     45%         2    ###....
 Magic Dart               Conj           #...         52%         1    ##.....
 Shock                    Conj/Air       #...         52%         1    ##.....
 Blink                    Tloc           N/A          65%         2    ###....
 Searing Ray              Conj           #.....       65%         2    ###....
 Dazzling Spray           Conj/Hex       #.....       87%         3    ####...
 Gell's Gravitas          Tloc           #.........   87%         3    ####...
 Lesser Beckoning         Tloc           #.........   87%         3    ####...
 Static Discharge         Conj/Air       #.......     87%         3    ####...
 Stone Arrow              Conj/Erth      #.....       87%         3    ####...
 Teleport Other           Tloc           #.......     87%         3    ####...
 Airstrike                Air            #.........   99%         4    #####..
 Cause Fear               Hex            #.........   99%         4    #####..
 Force Lance              Conj/Tloc      #.......     99%         4    #####..
 Fulminant Prism          Conj/Hex       #.........   99%         4    #####..
 Iskenderun's Mystic Bla  Conj           #.......     99%         4    #####..
 Passage of Golubria      Tloc           N/A          99%         4    #####..
 Petrify                  Tmut/Erth      #.......     99%         4    #####..
 Bolt of Magma            Conj/Fire/Erth #.........   100%        5    ######.
 Borgnjor's Vile Clutch   Necr/Erth      #.........   100%        5    ######.
 Iskenderun's Battlesphe  Conj/Chrm      #.......     100%        5    ######.
 Lightning Bolt           Conj/Air       #.........   100%        5    ######.
 Silence                  Hex/Air        #.........   100%        5    ######.
 Venom Bolt               Conj/Pois      #.........   100%        5    ######.
 Yara's Violent Unravell  Hex/Tmut       #.........   100%        5    ######.
 Deflect Missiles         Chrm/Air       #.........   100%        6    #######
 Iron Shot                Conj/Erth      #.........   100%        6    #######
 Orb of Destruction       Conj           #.........   100%        7    #######
 Spellforged Servitor     Conj/Summ      #.........   100%        7    #######
 Discord                  Hex            #.........   100%        8    #######


Dungeon Overview and Level Annotations

Branches:
Dungeon (15/15)            Temple (1/1) D:4            Lair (2/6) D:10
    Orc (1/2) D:9          Vaults (0/5) D:13         Depths (0/5) D:15
  Sewer (visited)
  Swamp: Lair:2-4    Shoals: Lair:2-4     Snake: Lair:2-4    Spider: Lair:2-4

Altars:
Ashenzari
Cheibriados
Dithmenos
Elyvilon
Fedhas
Gozag
Hepliaklqana
Kikubaaqudgha
Makhleb
Nemelex Xobeh
Okawaru
Qazlal
Ru
Sif Muna
Trog
Uskayaw
Vehumet
Wu Jian
Xom
Yredelemnul
Zin
The Shining One
Lugonu

Shops:
D:5 :

Annotations:
D:6 3 runed translucent doors, Tsab79's ghost, novice TrFi
Orc:1 Sonja


Message History

* * * LOW HITPOINT WARNING * * *
The seven-headed hydra bites you but does no damage.
The seven-headed hydra closely misses you.
The seven-headed hydra barely misses you.
The komodo dragon completely misses you.
The bullfrog hits you.
* * * LOW HITPOINT WARNING * * *
The bullfrog hits you but does no damage.
You finish putting on your +3 buckler of reflection.
Okay, then.
You feel better. The seven-headed hydra bites you.
* * * LOW HITPOINT WARNING * * *
The seven-headed hydra bites you.
* * * LOW HITPOINT WARNING * * *
The seven-headed hydra bites you!
* * * LOW HITPOINT WARNING * * *
The seven-headed hydra bites you.
* * * LOW HITPOINT WARNING * * *
The seven-headed hydra bites you!
You die...

############
............#
............#
............#
............#
.........l@.#
........DFF#
...##.!.....#
............#
...F#.......#
.............#
........k...##
....!.......#
#.......>..P#


You could see a seven-headed hydra, a komodo dragon, a rime drake and 3
bullfrogs.

Vanquished Creatures
  Gastronok (D:12)
  A dire elephant (D:15)
  Josephine (D:13)
  Fannar (D:11)
  A hydra (D:15)
  A centaur warrior (D:14)
  2 two-headed ogres (D:12)
  2 dancing weapons (D:13)
  Erica (Lair:1)
  2 ogre magi (D:15)
  A vampire mage (D:15)
  3 skeletal warriors (D:15)
  2 unseen horrors (D:13)
  3 wizards (D:15)
  An orc knight (D:11)
  3 ugly things
  5 cyclopes
  A deep elf mage (D:13)
  2 manticores
  Joseph (D:7)
  3 centaur zombies
  A spiny frog (Lair:1)
  A gargoyle (D:14)
  2 komodo dragons (Lair:1)
  A tengu conjurer (D:14)
  4 trolls
  2 hornets
  6 slime creatures
  Grinder (D:6)
  3 hippogriffs
  A shadow (D:14)
  2 wyverns (D:14)
  7 wraiths
  40 yaks
  2 vampires
  2 hungry ghosts
  2 wargs (D:10)
  2 soldier ants (D:10)
  5 water moccasins
  4 porcupines (Lair:1)
  9 ice beasts
  9 orc warriors
  A sky beast (D:5)
  A phantom (D:8)
  A necrophage (D:14)
  An eye of draining (D:14)
  5 boggarts
  8 ogres
  9 centaurs
  3 crocodiles (Lair:1)
  4 big kobolds
  A wyvern zombie (D:7)
  14 bullfrogs
  2 scorpions
  A wyvern skeleton (D:12)
  22 killer bees
  8 wights
  9 crimson imps
  3 bullfrog zombies
  2 quasits
  7 orc wizards
  7 hounds
  9 orc priests
  3 centaur skeletons
  2 bullfrog skeletons
  2 iguanas
  6 worker ants
  A worker ant zombie (D:11)
  A howler monkey skeleton (D:7)
  3 gnolls (D:8)
  13 adders
  2 river rats (Sewer)
  8 shadow imps
  4 oozes
  An adder skeleton (D:6)
  3 dart slugs
  3 leopard geckos
  60 orcs
  4 giant cockroaches
  16 goblins
  8 hobgoblins
  12 jackals
  38 kobolds
  5 quokkas
  5 ball pythons (Sewer)
  3 bats
  6 frilled lizards
  2 gnoll zombies (D:8)
  28 rats
501 creatures vanquished.

Vanquished Creatures (collateral kills)
  A tengu warrior (D:12)
1 creature vanquished.

Vanquished Creatures (others)
  An orc wizard (Orc:1)
1 creature vanquished.

Grand Total: 503 creatures vanquished

Notes
Turn   | Place    | Note
-------+----------+-------------------------------------------
     0 | D:1      | sagitran the Merfolk Gladiator began the quest for the Orb.
     0 | D:1      | Reached XP level 1. HP: 16/16 MP: 1/1
   113 | D:1      | Reached XP level 2. HP: 17/22 MP: 2/2
   294 | D:1      | Reached XP level 3. HP: 22/28 MP: 3/3
   537 | D:2      | Reached skill level 5 in Polearms
   581 | D:2      | HP: 1/28 [poisoned by an adder]
  1345 | D:2      | Reached XP level 4. HP: 28/34 MP: 4/4
  1875 | D:3      | Reached skill level 6 in Polearms
  1881 | D:3      | Reached XP level 5. HP: 11/41 MP: 5/5
  1901 | D:3      | Reached skill level 5 in Dodging
  1945 | D:3      | Found a sparkling altar of Nemelex Xobeh.
  2273 | D:3      | Found a shimmering altar of Xom.
  2306 | D:3      | Reached skill level 1 in Armour
  2430 | D:3      | Found a snail-covered altar of Cheibriados.
  2589 | D:4      | Reached skill level 7 in Polearms
  2597 | D:4      | Reached XP level 6. HP: 47/47 MP: 6/6
  2647 | D:4      | Found a burning altar of Makhleb.
  2700 | D:4      | Found a hazy altar of Hepliaklqana.
  2712 | D:4      | Reached skill level 1 in Stealth
  2748 | D:4      | Found a staircase to the Ecumenical Temple.
  2845 | D:4      | Found a glowing drain.
  2858 | Sewer    | Entered a sewer
  3439 | Sewer    | Reached skill level 8 in Polearms
  3439 | Sewer    | Reached XP level 7. HP: 53/53 MP: 7/7
  3729 | Temple   | Entered the Ecumenical Temple
  3850 | D:5      | Entered Level 5 of the Dungeon
  3890 | D:5      | Reached skill level 1 in Shields
  3990 | D:5      | Found Ridgh's Book Boutique.
  4002 | D:5      | Found a white marble altar of Elyvilon.
  4003 | D:5      | Found a shadowy altar of Dithmenos.
  4013 | D:5      | Reached skill level 9 in Polearms
  4230 | D:5      | Found a sparkling altar of Nemelex Xobeh.
  4421 | D:6      | Noticed Grinder
  4472 | D:6      | Paralysed by Grinder for 2 turns
  4475 | D:6      | Killed Grinder
  4475 | D:6      | Reached XP level 8. HP: 22/61 MP: 8/8
  4738 | D:6      | Reached skill level 10 in Polearms
  5004 | D:7      | Reached skill level 5 in Fighting
  5244 | D:6      | Found a runed translucent gate.
  5244 | D:6      | Found a runed translucent gate.
  5246 | D:6      | Found a runed translucent gate.
  5249 | D:6      | Noticed Tsab79's ghost (novice TrFi)
  5532 | D:7      | Reached XP level 9. HP: 68/68 MP: 9/9
  5592 | D:7      | Reached skill level 11 in Polearms
  5612 | D:7      | Noticed Joseph
  6469 | D:7      | You fall into a shaft and drop 1 floor!
  6564 | D:8      | Reached skill level 12 in Polearms
  6786 | D:8      | Reached XP level 10. HP: 73/77 MP: 10/10
  6827 | D:8      | Found an ornate altar of the Wu Jian Council.
  6827 | D:8      | Found a stormy altar of Qazlal.
  6828 | D:8      | Found a shimmering blue altar of Sif Muna.
  7129 | D:7      | Killed Joseph
  7129 | D:7      | Reached skill level 13 in Polearms
  7627 | D:8      | Found a blossoming altar of Fedhas.
  7627 | D:8      | Found an ancient bone altar of Kikubaaqudgha.
  7632 | D:8      | Found a bloodstained altar of Trog.
  7681 | D:8      | Found a basalt altar of Yredelemnul.
  7930 | D:7      | You fall into a shaft and drop 2 floors!
  8130 | D:10     | Entered Level 10 of the Dungeon
  8364 | D:10     | Reached skill level 14 in Polearms
  8538 | D:9      | Found a staircase to the Orcish Mines.
  8698 | Orc:1    | Entered Level 1 of the Orcish Mines
  8701 | Orc:1    | Noticed Sonja
  8753 | Orc:1    | Noticed a cyclops
  8764 | Orc:1    | Identified a scroll of acquirement
  9203 | D:10     | Reached XP level 11. HP: 54/86 MP: 11/11
  9225 | D:10     | Found a staircase to the Lair.
 10011 | D:10     | Paralysed by a hornet for 1 turns
 10135 | D:10     | Identified the Collected Works on Clay and Protection
 10153 | D:10     | Reached skill level 5 in Armour
 10256 | D:10     | Learned a level 1 spell: Infusion
 10323 | D:11     | Noticed a brown ugly thing
 10343 | D:11     | Killed a brown ugly thing
 10626 | D:10     | Reached skill level 5 in Shields
 11022 | D:11     | Reached skill level 5 in Stealth
 11624 | D:11     | Noticed a red ugly thing
 11636 | D:11     | Killed a red ugly thing
 11740 | D:11     | Noticed Fannar
 11758 | D:11     | Killed Fannar
 11758 | D:11     | Reached skill level 15 in Polearms
 11843 | D:11     | Reached XP level 12. HP: 79/97 MP: 12/12
 12038 | D:12     | Reached skill level 1 in Charms
 12058 | D:12     | Reached skill level 1 in Spellcasting
 12204 | D:12     | Found a stormy altar of Qazlal.
 12326 | D:12     | Noticed a two-headed ogre
 12337 | D:12     | Killed a two-headed ogre
 12337 | D:12     | Reached skill level 10 in Fighting
 12337 | D:12     | Reached skill level 10 in Dodging
 12415 | D:12     | Noticed a tengu warrior
 12452 | D:12     | Killed a tengu warrior
 12584 | D:12     | Noticed a two-headed ogre
 12606 | D:12     | Killed a two-headed ogre
 12640 | D:12     | Noticed Gastronok
 12727 | D:12     | Killed Gastronok
 12727 | D:12     | Reached skill level 1 in Evocations
 13147 | D:13     | Paralysed by a hornet for 1 turns
 13472 | D:13     | Found a gate to the Vaults.
 13815 | D:13     | Reached skill level 5 in Throwing
 14161 | D:13     | Reached XP level 13. HP: 98/106 MP: 15/15
 14232 | D:13     | Noticed Josephine
 14286 | D:13     | Reached skill level 16 in Polearms
 14689 | D:13     | Found a burning altar of Makhleb.
 14689 | D:13     | Noticed a blizzard demon
 14881 | D:13     | Killed Josephine
 16522 | D:15     | Entered Level 15 of the Dungeon
 16623 | D:15     | Found a staircase to the Depths.
 16623 | D:15     | Noticed a dire elephant
 16636 | D:15     | Killed a dire elephant
 17468 | D:15     | Found the +12 glaive of Prune {chop}
 17578 | D:15     | Reached XP level 14. HP: 75/115 MP: 17/17
 17748 | D:15     | Reached skill level 17 in Polearms
 18006 | Lair:1   | Entered Level 1 of the Lair of Beasts
 18186 | Lair:1   | Noticed Erica
 18195 | Lair:1   | Killed Erica
 18758 | Lair:2   | Slain by a seven-headed hydra

Levels and vault maps discovered:
D:1:      elethiomel_arrival_quiet, layout_rooms, chequers_serial_rivers_marsh
D:2:      layout_basic, minmay_goblin_outpost
D:3:      layout_rooms, nicolae_overflow_crystal_walls, kennysheep_slug_shrine,
          nicolae_overflow_hidden_temple, first_ration,
          minmay_misc_feat_pillars, wander_ebering_terrifying_dragon_lair
D:4:      layout_rooms, lemuel_coloured_pillars_altar, lemuel_round_altar,
          minmay_temple_entry_statues_pillars, portal_sewer_entry_d
D:5:      layout_cave_pools, chequers_temple_overflow_statue_of_worship,
          serial_shops, nicolae_shop_trees, kennysheep_cross_room,
          nemelex_diamond_rough_becter
D:6:      layout_basic, gammafunk_ghost_necromancy, uniq_grinder
D:7:      layout_basic, uniq_joseph
D:8:      layout_basic, grunt_temple_overflow_growth_and_decay,
          lemuel_zombie_altar_yredelemnul, gammafunk_temple_overflow_forgotten,
          basic_altar
D:9:      layout_cave_pools, orc_0_dummy
D:10:     layout_basic, erik_lair_orcish_takeover, hangedman_pestilent_swarm
D:11:     cheibrodos_orc_bank, layout_long_grid, uniq_fannar
D:12:     layout_loops_ring, basic_altar, uniq_gastronok
D:13:     layout_loops_cross, erik_vaults_1, grunt_ministairs_5,
          makhleb_altar_promises_db, uniq_josephine
D:14:     layout_layer_cave, minmay_misc_feat_four_crosses, minmay_circle_x
D:15:     hangedman_depths_entry_try_elsewhere_first, layout_stronghold,
          minmay_guarded_unrand_prune
Temple:   kb_corrupted_temple
Lair:1:   layout_regular_city, uniq_erica
Lair:2:   layout_hall_layers, gammafunk_ghost_necromancy, st_stairs_3
Orc:1:    layout_caves, gammafunk_ghost_grave, uniq_sonja, uniq_erolcha

Skill      XL: |  1  2  3  4  5  6  7  8  9 10 11 12 13 14 |
---------------+-------------------------------------------+-----
Polearms       | 5 6 7 8 9 10 12 14 15 16 17 | 17.3
Fighting       | 3 4 5 6 8 9 11 12 | 12.3
Dodging        | 5 6 7 8 9 10 11 | 11.3
Armour         | 1 2 3 4 5 6 7 |  7.0
Stealth        | 1 2 3 4 5 6 7 |  7.1
Shields        | 1 2 3 4 5 6 7 |  7.9
Throwing       | 3 5 6 |  6.6
Charms         | 2 |  2.7
Spellcasting   | 1 2 |  2.1
Evocations     | 1 2 |  2.4

Action                   |  1- 3 |  4- 6 |  7- 9 | 10-12 | 13-15 || total
-------------------------+-------+-------+-------+-------+-------++-------
Melee: Trident           |   118 |   306 |   422 |   921 |   323 ||  2090
       Tailslap          |     1 |     1 |       |       |       ||     2
       Glaive            |       |       |       |       |    63 ||    63
Throw: Throwing net      |       |       |       |     4 |       ||     4
       Boomerang         |       |       |       |    38 |    40 ||    78
 Cast: Infusion          |       |       |       |     5 |     2 ||     7
Evoke: Wand              |       |       |     2 |       |    10 ||    12
       Sack of spiders   |       |       |       |     4 |       ||     4
  Use: Scroll            |     1 |     6 |     7 |    16 |     9 ||    39
       Potion            |     1 |     2 |     1 |    12 |     3 ||    19
 Stab: Distracted        |       |     1 |       |     2 |     1 ||     4
       Sleeping          |       |     4 |     3 |     9 |     4 ||    20
       Held in net/web   |       |       |       |     1 |       ||     1
  Eat: Ration            |     1 |     2 |     3 |     6 |     5 ||    17
       Chunk             |       |       |     1 |     4 |       ||     5
Armor: Leather armour    |    29 |    63 |     5 |       |       ||    97
       Ring mail         |       |       |   127 |   166 |    89 ||   382
Dodge: Dodged            |    59 |   184 |   288 |   436 |   173 ||  1140
Block: Buckler           |       |    44 |    81 |   154 |    75 ||   354
       Reflection        |       |       |       |       |     4 ||     4
